 Dungeon Crawl Stone Soup version 0.30-a0-364-gf6b3ef1049 (webtiles) character file.

Game seed: 13339973115405401200

55 Manisia the Vexing (level 3, -4/17 HPs)
             Began as a Spriggan Wanderer on Nov 15, 2022.
             Killed from afar by Natasha (8 damage)
             ... with a magic dart
             ... on level 2 of the Dungeon.
             The game lasted 00:03:54 (1210 turns).

Manisia the Vexing (Spriggan Wanderer)              Turns: 1210, Time: 00:03:55

Health: -4/17      AC:  2    Str:  4    XL:     3   Next: 67%
Magic:  6/6        EV: 15    Int: 13    God:
Gold:   57         SH:  0    Dex: 20    Spells: 3/4 levels left

rFire   . . .      SeeInvis +    a - +0 sling
rCold   . . .      Faith    .    (no shield)
rNeg    . . .      Spirit   .    d - +0 robe
rPois   .          Reflect  .    b - +0 hat
rElec   .          Harm     .    (no cloak)
rCorr   .          Rampage  .    (gloves unavailable)
Will    .....                    (boots unavailable)
Stlth   +++.......               (no amulet)
HPRegen 0.22/turn                (no ring)
MPRegen 0.10/turn                (no ring)

@: very quick
A: very small, no large weapons, unfitting armour, see invisible, speed 3
a: no special abilities


You were on level 2 of the Dungeon.
You visited 1 branch of the dungeon, and saw 2 of its levels.

You collected 57 gold pieces.

Inventory:

Hand Weapons
 a - a +0 sling (weapon)
Missiles
 l - 6 poisoned darts
Armour
 b - a +0 hat (worn)
 d - a +0 robe (worn)
Scrolls
 f - a scroll of torment {unknown}
Potions
 e - a potion of flight {unknown}
 g - 2 potions of might {unknown}
 h - a potion of degeneration {unknown}
 i - a potion of haste {unknown}
 k - a potion of brilliance {unknown}


   Skills:
 + Level 0.3 Fighting
 + Level 3.6 Ranged Weapons
 + Level 0.2 Dodging
 + Level 4.8 Stealth
 + Level 1.3 Spellcasting
 - Level 5.0 Hexes


You had 3 spell levels left.
You knew the following spells:

 Your Spells              Type           Power      Damage    Failure   Level
a - Slow                  Hex            52%        N/A       3%          1

Your spell library contained the following spells:

 Spells                   Type           Power      Damage    Failure   Level
 Tukima's Dance           Hex            13%        N/A       11%         3
 Sting                    Tmut/Pois      0%         1d3       26%         1
 Poisonous Vapours        Pois/Air       0%         N/A       38%         2
 Leda's Liquefaction      Hex/Erth       3%         N/A       67%         4
 Olgreb's Toxic Radiance  Pois           0%         N/A       95%         4


Dungeon Overview and Level Annotations

Branches:
Dungeon (2/15)

Altars:

Annotations:
D:2 Natasha, Robin, Terence


Innate Abilities, Weirdness & Mutations

You are very small and have problems with some larger weapons.
You are too small for most types of armour.
You have supernaturally acute eyesight. (SInv)
You cover ground extremely quickly. (Speed+++)


Message History

The sling bullet hits Terence but does no damage.
Your attack snaps Terence out of his fear.
Terence is heavily wounded.
Your magical contamination has completely faded away.
Fire: a) +0 sling
Press: ? - help, Q - select action, (/) - cycle Shift-Dir - straight line, f/p - Terence
Aim: Terence, wielding a +0 hand axe and wearing a +4 scale mail of fire resistance (heavily wounded, 64% to hit)
You shoot a sling bullet.
The sling bullet closely misses Terence.
Fire: a) +0 sling
Press: ? - help, Q - select action, (/) - cycle Shift-Dir - straight line, f/p - Terence
Aim: Terence, wielding a +0 hand axe and wearing a +4 scale mail of fire resistance (heavily wounded, 64% to hit)
You shoot a sling bullet. The sling bullet hits Terence.
Terence is heavily wounded.
Terence hits you with a +0 hand axe.
* * * LOW HITPOINT WARNING * * *
Fire: a) +0 sling
Press: ? - help, Q - select action, (/) - cycle Shift-Dir - straight line, f/p - Terence
Aim: Terence, wielding a +0 hand axe and wearing a +4 scale mail of fire resistance (heavily wounded, 64% to hit)
You shoot a sling bullet. The sling bullet barely misses Terence.
Unknown command.
Fire: a) +0 sling
Press: ? - help, Q - select action, (/) - cycle Shift-Dir - straight line, f/p - Terence
Aim: Terence, wielding a +0 hand axe and wearing a +4 scale mail of fire resistance (heavily wounded, 64% to hit)
You shoot a sling bullet.
The sling bullet hits Terence but does no damage.
Terence is heavily wounded.
Terence barely misses you.
Terence says, "Don't bother to defend, it's senseless."
Fire: a) +0 sling
Press: ? - help, Q - select action, (/) - cycle Shift-Dir - straight line, f/p - Terence
Aim: Terence, wielding a +0 hand axe and wearing a +4 scale mail of fire resistance (heavily wounded, 64% to hit)
You shoot a sling bullet.
The sling bullet hits Terence but does no damage.
Terence is heavily wounded.
Terence hits you with a +0 hand axe.
* * * LOW HITPOINT WARNING * * *
Natasha casts a spell at you. The magic dart hits you!
You die...

###.#.....##.#########.##
#.##<#.#.# #..#
#.#@#.###..# ##.# #.#..##
##.## #.# #.#.## ##.# #.#
#.##.## ##.## #.#
###.###.###.## #.#
.....h...#..# #.#
###.#####@#.# #.#
#...@...#.###########.#
#########.............#
###############


You could see Terence and Natasha.

Vanquished Creatures
  An adder (D:2)
  A dart slug (D:1)
  3 ball pythons
  2 endoplasms
  3 giant cockroaches (D:1)
  11 goblins
  6 hobgoblins
  3 frilled lizards
  5 kobolds
  3 rats
38 creatures vanquished.

Notes
Turn   | Place    | Note
-------+----------+-------------------------------------------
     0 | D:1      | Manisia the Spriggan Wanderer began the quest for the Orb.
     0 | D:1      | Manisia set off with the following items: a +0 sling, a +0
                  | hat, a scroll of fear, a +0 robe; and the following spell
                  | memorised: Slow; and the following spells available to
                  | memorise: Tukima's Dance, Leda's Liquefaction.
     0 | D:1      | Reached XP level 1. HP: 9/9 MP: 3/3
    50 | D:1      | Reached skill level 5 in Hexes
   198 | D:1      | Reached XP level 2. HP: 13/13 MP: 5/5
   818 | D:2      | Reached XP level 3. HP: 16/16 MP: 6/6
   860 | D:2      | Noticed Robin
   861 | D:2      | Noticed Terence
  1174 | D:2      | Noticed Natasha
  1210 | D:2      | Killed from afar by Natasha

Illustrated notes

Levels and vault maps discovered:
D:1:      shiori_arrival_oz, layout_loops_cross
D:2:      layout_loops_ring, uniq_terence, uniq_natasha, uniq_robin

Skill      XL: |  1  2 |
---------------+-------+-----
Hexes          | 5 |  5.0
Ranged Weapons | 3 |  3.6
Fighting       | |  0.3
Dodging        | |  0.2
Stealth        | |  4.8
Spellcasting   | |  1.3

Action                   || total
-------------------------++-------
 Fire: Sling             ||   146
 Cast: Slow              ||     7
  Use: Scroll            ||     4
Armor: Robe              ||     4
Dodge: Dodged            ||    46

Table legend: (Time is in decaauts)
 A = Elapsed time spent in this place.
 B = Non-inter-level travel time spent in this place.
 C = Inter-level travel time spent in this place.
 D = Time resting spent in this place.
 E = Time spent auto-exploring this place.
 F = Levels seen in this place.
 G = Mean time per level.
                   A        B        C        D        E       F      G
               +--------+--------+--------+--------+--------+-----+--------+
         Total |    881 |    844 |     37 |     94 |    421 |   2 |  440.5 |
       Dungeon |    881 |    844 |     37 |     94 |    421 |   2 |  440.5 |
               +--------+--------+--------+--------+--------+-----+--------+

Top non-repeatable levels by time:
     D:1: 481 daAuts
     D:2: 400 daAuts
